Map: World of Sleepers LE

Players

GetMeOut

  • Race: Protoss Protoss
  • League: Master
  • Spawn Location: 7:00

starry (iAsonu) - Winner!

  • Race: Zerg Zerg
  • Spawn Location: 1:00

Event: NationWars 2019

VOD

Have the link to the VOD?

Description

Time

  • Played on: Oct. 3, 2019, 11:49 a.m.
  • Length: 6:53
Show
View Real Time Build Order
Export as new Build Order

GetMeOut Protoss 

Build Orders: 1 Gate Expand, Oracle Opening, Phoenix Opening 

Get SALT Encoding   

  12  0:00  Probe  
  13  0:12  Probe  
  14  0:20  Pylon  
  14  0:25  Probe  
  15  0:38  Probe (Chrono Boost), Gateway  
  16  0:48  Probe (Chrono Boost), Assimilator  
  17  0:53  Probe (Chrono Boost)  
  18  1:05  Probe  
  19  1:17  Probe  
  20  1:25  Nexus  
  20  1:36  Cybernetics Core  
  20  1:44  Pylon  
  21  1:47  Probe  
  21  1:51  Assimilator  
  21  1:59  Probe  
  22  2:09  Adept (Chrono Boost)  
  22  2:11  Probe  
  25  2:18  Stargate  
  25  2:23  Probe  
  25  2:27  Warp Gate  
  26  2:32  Adept  
  26  2:35  Probe (Chrono Boost)  
  29  2:38  Probe (Chrono Boost)  
  30  2:46  Probe (Chrono Boost)  
  30  2:47  Probe (Chrono Boost)  
  32  2:51  Probe (Chrono Boost)  
  32  2:52  Probe (Chrono Boost)  
  34  3:01  Phoenix (Chrono Boost)  
  36  3:07  Probe x2  
  38  3:19  Probe x2  
  40  3:23  Oracle (Chrono Boost), Gateway  
  43  3:27  Pylon  
  43  3:31  Probe x2  
  43  3:32  Assimilator  
  45  3:36  Assimilator  
  45  3:44  Probe  
  45  3:45  Probe  
  45  3:48  Stargate  
  47  3:56  Probe  
  47  3:57  Pylon, Probe  
  49  4:03  Oracle (Chrono Boost)  
  49  4:08  Probe  
  54  4:10  Probe  
  54  4:14  Pylon  
  54  4:21  Probe  
  54  4:22  Probe  
  56  4:28  Oracle (Chrono Boost)  
  59  4:33  Probe  
  59  4:34  Probe  
  59  4:38  Adept, Pylon  
  66  4:42  Oracle (Chrono Boost)  
  66  4:45  Probe  
  67  4:46  Probe  
  67  4:50  Pylon  
  68  4:56  Nexus  
  68  4:58  Oracle (Chrono Boost)  
  71  5:07  Probe x2  
  71  5:12  Shield Battery  
  71  5:14  Forge  
  73  5:17  Twilight Council  
  73  5:22  Zealot x2  
  73  5:24  Probe  
  73  5:25  Probe  
  79  5:34  Oracle x2 (Chrono Boost)  
  76  5:50  Stargate  
  76  5:54  Zealot  
  76  6:00  Probe  
  76  6:01  Probe  
  75  6:04  Zealot  
  77  6:13  Probe  
  77  6:16  Pylon  
  71  6:20  Zealot  
  61  6:33  Zealot  
Show
View Real Time Build Order
Export as new Build Order

starry Zerg - Winner!

Build Orders: Hatch First 

Get SALT Encoding   

  12  0:01  Drone  
  13  0:13  Overlord  
  13  0:17  Drone  
  14  0:31  Drone x2  
  16  0:48  Hatchery  
  15  0:51  Drone  
  15  0:54  Drone  
  17  0:58  Drone  
  18  1:08  Extractor  
  17  1:13  Spawning Pool  
  17  1:15  Drone  
  17  1:20  Drone  
  18  1:29  Drone  
  19  1:43  Hatchery  
  19  1:47  Drone  
  19  1:50  Drone  
  20  2:00  Queen  
  22  2:07  Queen  
  24  2:13  Overlord  
  24  2:19  Drone x2  
  27  2:22  Drone  
  27  2:28  Metabolic Boost  
  27  2:30  Drone  
  27  2:33  Zergling x2  
  27  2:36  Zergling x2  
  30  2:40  Drone  
  31  2:45  Queen  
  31  2:49  Drone  
  34  2:57  Queen  
  36  3:00  Overlord  
  36  3:06  Pneumatized Carapace  
  36  3:07  Drone  
  36  3:08  Drone  
  36  3:10  Drone  
  39  3:19  Drone x4  
  43  3:22  Drone x2  
  45  3:28  Overlord  
  45  3:29  Drone  
  45  3:31  Drone  
  47  3:37  Queen  
  47  3:39  Drone  
  50  3:45  Overlord  
  50  3:50  Spore Crawler x2  
  50  3:54  Drone x2  
  50  3:57  Spore Crawler  
  50  4:01  Overlord  
  49  4:04  Drone  
  49  4:05  Drone x4  
  49  4:09  Lair  
  54  4:12  Zergling x4  
  56  4:22  Drone x6  
  62  4:25  Drone  
  62  4:27  Drone x2  
  62  4:29  Zergling x2  
  65  4:34  Overlord  
  65  4:38  Zergling x2  
  66  4:41  Overlord  
  66  4:43  Extractor  
  66  4:45  Extractor, Queen  
  66  4:47  Overlord  
  66  4:52  Overlord, Queen  
  68  4:54  Zergling x2  
  68  4:55  Zergling x4  
  68  4:58  Zergling x6  
  74  5:09  Queen  
  74  5:12  Nydus Network  
  75  5:17  Zergling x12  
  75  5:21  Queen  
  83  5:22  Overseer  
  81  5:33  Zergling x18  
  81  5:36  Queen  
  81  5:41  Zergling x2  
  81  5:42  Zergling x6  
  77  5:45  Queen  
  78  5:52  Zergling x10  
  78  5:56  Queen  
  84  5:59  Nydus Canal  
  79  6:06  Zergling x10  
  81  6:11  Zergling x2, Queen  
  80  6:20  Zergling x6  
  80  6:21  Zergling x12  
  87  6:30  Zergling x4  
  87  6:31  Nydus Canal  
  87  6:32  Zergling x2  
Tags
 
Add a new tag
Caveats
  • Supply blocks, unpowered buildings, or Contaminate may cause inaccurate times.
  • Supply counts are checked every 10 seconds.